[Event "Titled Tuesday Blitz April 12 Early 2022"]
[White "Khripachenko, Alexander"]
[Black "Lopez, Henry"]
[WhiteFideId "54184975"]
[BlackFideId "5203830"]
[WhiteElo "2193"]
[BlackElo "2177"]
[Result "1-0"]
[Round "08"]
[TimeControl "180+1"]
[Date "2022.04.13"]
[WhiteClock "0:00:51"]
[BlackClock "0:00:01"]

1. e4 c5 2. Nf3 d6 3. d4 cxd4 4. Qxd4 a6 5. h3 Nc6 6. Qe3 g6 7. Be2 Bg7 8. O-O Nf6 9. c4 O-O 10. Nc3 Be6 11. Rd1 Qa5 12. Rb1 Rac8 13. Bd2 Qc5 14. b3 Qxe3 15. Bxe3 Nd7 16. Rbc1 Nde5 17. Ne1 Nd7 18. f3 f5 19. exf5 gxf5 20. Nd3 Bxc3 21. Rxc3 Nce5 22. Nf4 Bf7 23. Rcc1 Rfe8 24. Bd4 a5 25. Nd5 Ng6 26. Nc3 Nge5 27. Kf2 Nc5 28. g3 Be6 29. f4 Nc6 30. Be3 Bf7 31. Bf3 Kf8 32. g4 Be6 33. Kg3 Kf7 34. g5 Rg8 35. h4 Kf8 36. Nd5 Ne4+ 37. Kg2 Bf7 38. Nb6 Rd8 39. a3 Kg7 40. Nd5 Rge8 41. Rb1 1-0


[Site "https://www.chess.com"]

[Event "Titled Tuesday Blitz April 12 Early 2022"]
[White "Kozak, Antoni"]
[Black "Le, Tuan Minh"]
[WhiteFideId "21832030"]
[BlackFideId "12401153"]
[WhiteElo "2236"]
[BlackElo "2450"]
[Result "0-1"]
[Round "08"]
[TimeControl "180+1"]
[Date "2022.04.12"]
[WhiteClock "0:00:01"]
[BlackClock "0:00:19"]

1. Nf3 d5 2. e3 Nf6 3. c4 c6 4. Nc3 a6 5. Be2 Bf5 6. O-O e6 7. b3 Bd6 8. Bb2 Nbd7 9. Rc1 h6 10. Re1 O-O 11. d4 Ne4 12. Bd3 Qf6 13. Qc2 Qg6 14. Nh4 Qh5 15. g3 Ndf6 16. Nxf5 exf5 17. Qe2 Qg5 18. cxd5 cxd5 19. f4 Qg6 20. Bxe4 fxe4 21. Rc2 h5 22. Qg2 Ng4 23. Nxd5 Rac8 24. Rxc8 Rxc8 25. h3 Nh6 26. Rc1 Rd8 27. Nc3 Re8 28. Kf2 Nf5 29. g4 hxg4 30. hxg4 Nxd4 31. exd4 Bxf4 32. Rf1 Qg5 33. Nd1 e3+ 34. Ke1 e2 0-1


[Site "https://www.chess.com"]

[Event "Titled Tuesday Blitz April 12 Early 2022"]
[White "Kucuksari, Kaan"]
[Black "Timofeev, Artyom"]
[WhiteFideId "6380166"]
[BlackFideId "4140419"]
[WhiteElo "2305"]
[BlackElo "2594"]
[Result "0-1"]
[Round "08"]
[TimeControl "180+1"]
[Date "2022.04.12"]
[WhiteClock "0:00:31"]
[BlackClock "0:02:11"]

1. d4 Nf6 2. c4 g6 3. g3 d5 4. cxd5 Nxd5 5. Nf3 Bg7 6. Bg2 Nb6 7. O-O Nc6 8. e3 e5 9. Nc3 exd4 10. exd4 O-O 11. Bf4 Be6 12. Ne5 Nxd4 13. Bxb7 Rb8 14. Nc6 Nxc6 15. Bxc6 Nc4 16. Qxd8 Rbxd8 17. Rab1 Nd2 18. Bxd2 Rxd2 19. Rfd1 Rfd8 20. Rxd2 Rxd2 21. Rd1 Bxc3 22. Re1 Bxb2 23. Bf3 Bd4 24. Be2 Bxa2 25. Rd1 Rxd1+ 26. Bxd1 c5 27. Kf1 c4 28. Ke2 Bb3 29. Bxb3 cxb3 30. Kd3 a5 0-1


[Site "https://www.chess.com"]

[Event "Titled Tuesday Blitz April 12 Early 2022"]
[White "Lashkin, Jegor"]
[Black "Harshavardhan G B"]
[WhiteFideId "13907808"]
[BlackFideId "25059009"]
[WhiteElo "2368"]
[BlackElo "1831"]
[Result "0-1"]
[Round "08"]
[TimeControl "180+1"]
[Date "2022.04.12"]
[WhiteClock "0:00:02"]
[BlackClock "0:00:17"]

1. Nf3 Nf6 2. b3 g6 3. Bb2 Bg7 4. e3 O-O 5. d4 d5 6. Be2 Bf5 7. O-O Nbd7 8. c4 c5 9. Nc3 dxc4 10. Bxc4 Nb6 11. Be2 Rc8 12. dxc5 Rxc5 13. Nd4 Bc8 14. Rc1 Re8 15. Bf3 a6 16. Ne4 Nxe4 17. Bxe4 Rxc1 18. Qxc1 e5 19. Nf3 f5 20. Rd1 Qe7 21. Bd5+ Nxd5 22. Rxd5 e4 23. Bxg7 Qxg7 24. Nd4 Qf7 25. Rc5 Be6 26. g3 h6 27. Qc3 Re7 28. a4 Bd7 29. Qb4 Be8 30. Rc8 Rc7 31. Rb8 Qd7 32. Qa5 Rc8 33. Rxc8 Qxc8 34. Qe5 Bf7 35. Kg2 b6 36. b4 Qe8 37. Qxe8+ Bxe8 38. a5 bxa5 39. bxa5 Kf7 40. f3 Kf6 41. fxe4 fxe4 42. g4 Ke5 43. h4 Kd5 44. g5 hxg5 45. hxg5 Kc5 46. Kg3 Kb4 47. Kf4 Kxa5 48. Kxe4 Kb4 49. Kd3 a5 50. Kc2 Kc4 51. Nf3 Kd5 52. Nd2 Ke6 53. Kd3 Kf5 54. Nf3 a4 55. e4+ Kf4 56. Nd4 Kxg5 57. Ne6+ Kf6 58. Nc7 Bd7 59. Kd4 g5 60. Nd5+ Ke6 61. Nb6 Be8 62. Nc4 g4 63. Ke3 Bb5 64. Na3 Bd7 65. Kf4 Kd6 66. e5+ Kd5 67. Nc2 Kc4 68. Ne3+ Kd3 69. Nd5 a3 70. Nb6 Be6 71. Na4 Kd4 72. Nb6 a2 0-1


[Site "https://www.chess.com"]

[Event "Titled Tuesday Blitz April 12 Early 2022"]
[White "Lazavik, Denis"]
[Black "Pichot, Alan"]
[WhiteFideId "13515110"]
[BlackFideId "110973"]
[WhiteElo "2437"]
[BlackElo "2579"]
[Result "1/2-1/2"]
[Round "08"]
[TimeControl "180+1"]
[Date "2022.04.12"]
[WhiteClock "0:00:08"]
[BlackClock "0:00:06"]

1. d4 Nf6 2. c4 e6 3. Nf3 d5 4. Nc3 dxc4 5. e4 b5 6. e5 Nfd7 7. Nxb5 Nb6 8. Be2 Nc6 9. O-O Be7 10. Be3 O-O 11. Nc3 Rb8 12. b3 cxb3 13. axb3 Bb7 14. Qb1 a6 15. Qe4 Nb4 16. Qg4 Kh8 17. Qh5 f5 18. exf6 gxf6 19. Nd2 Rg8 20. Bf3 Nc2 21. Rad1 Nxd4 22. Bxb7 Rxb7 23. Nf3 Qe8 24. Qh3 Nf5 25. Bf4 c5 26. Rfe1 Qc6 27. Bg3 Rd7 28. Qh5 Nd4 29. Ne5 Qc8 30. Nxd7 Qxd7 31. Ne4 e5 32. b4 Nc4 33. bxc5 Qd5 34. h3 a5 35. Ra1 f5 36. Nc3 Qxc5 37. Kh1 f4 38. Bh4 Bxh4 39. Qxh4 Qc6 40. Ne4 Qg6 41. Rg1 Qxe4 42. Qf6+ Rg7 43. Qd8+ Rg8 44. Qf6+ Rg7 45. Qd8+ Rg8 46. Qf6+ 1/2-1/2


[Site "https://www.chess.com"]

[Event "Titled Tuesday Blitz April 12 Early 2022"]
[White "Le Ruyet, Leopold"]
[Black "Nguyen Hong Nhung"]
[WhiteFideId "645923"]
[BlackFideId "12412201"]
[WhiteElo "2276"]
[BlackElo "1758"]
[Result "0-1"]
[Round "08"]
[TimeControl "180+1"]
[Date "2022.04.13"]
[WhiteClock "0:00:01"]
[BlackClock "0:00:09"]

1. e4 c5 2. c3 Nf6 3. e5 Nd5 4. Nf3 e6 5. Bc4 d6 6. d4 cxd4 7. cxd4 Be7 8. O-O O-O 9. Re1 b6 10. Qe2 Bb7 11. Rd1 Nc6 12. Nc3 Nxc3 13. bxc3 Rc8 14. Bd3 Re8 15. Qe4 g6 16. Qg4 Qc7 17. Bf4 dxe5 18. dxe5 Bf8 19. h4 Bg7 20. Qg3 Ne7 21. h5 Bxf3 22. gxf3 Qxc3 23. hxg6 fxg6 24. Kg2 Nf5 25. Qg4 Bxe5 26. Rac1 Qa5 27. Bc4 Bxf4 28. Bxe6+ Kg7 29. Rxc8 Rxe6 30. Rd7+ Re7 31. Rxe7+ Nxe7 32. Re8 Qe5 33. Qd7 Bg5 34. Qxa7 Kh6 35. Qxb6 Nd5 0-1


[Site "https://www.chess.com"]

[Event "Titled Tuesday Blitz April 12 Early 2022"]
[White "Lewtak, Damian"]
[Black "Bach, Ngoc Thuy Duong"]
[WhiteFideId "1141724"]
[BlackFideId "12408956"]
[WhiteElo "2362"]
[BlackElo "1862"]
[Result "1-0"]
[Round "08"]
[TimeControl "180+1"]
[Date "2022.04.13"]
[WhiteClock "0:01:58"]
[BlackClock "0:01:26"]

1. e4 c5 2. d4 cxd4 3. c3 dxc3 4. Nxc3 Nc6 5. Nf3 e6 6. Bc4 Bb4 7. O-O Nge7 8. Bf4 O-O 9. Nb5 Ng6 10. Bg3 e5 11. a3 Bc5 12. Rc1 a6 13. Nd6 Bd4 14. Nxd4 Nxd4 15. Bxe5 Nxe5 16. Qxd4 Qf6 17. Rcd1 b5 18. Bd5 Rb8 19. f4 Qxd6 20. fxe5 Qb6 21. Qxb6 Rxb6 22. Rc1 d6 23. Rxf7 1-0


[Site "https://www.chess.com"]

[Event "Titled Tuesday Blitz April 12 Early 2022"]
[White "Liyanage, Ranindu Dilshan"]
[Black "Bettalli, Francesco"]
[WhiteFideId "9915834"]
[BlackFideId "2816453"]
[WhiteElo "1858"]
[BlackElo "2216"]
[Result "0-1"]
[Round "08"]
[TimeControl "180+1"]
[Date "2022.04.13"]
[WhiteClock "0:00:04"]
[BlackClock "0:00:13"]

1. e4 e5 2. Nf3 Nf6 3. d4 Nxe4 4. Bd3 d5 5. Nxe5 Bd6 6. c4 c6 7. Nc3 Nxc3 8. bxc3 O-O 9. cxd5 cxd5 10. O-O Nc6 11. Re1 Qf6 12. Qh5 g6 13. Qh6 Nxe5 14. dxe5 Bxe5 15. Ba3 Bd6 16. Bb2 Qf4 17. Qxf4 Bxf4 18. Ba3 Rd8 19. Be7 Be6 20. Bxd8 Rxd8 21. Rab1 b6 22. Ba6 Bd2 23. Red1 Bxc3 24. Rbc1 Be5 25. Kf1 Kf8 26. Ke2 h5 27. h3 Ke7 28. Bb5 Bd6 29. a4 Bc5 30. a5 Kd6 31. axb6 axb6 32. Ra1 d4 33. Ra7 Bb3 34. Rb1 Bd5 35. g3 Ke5 36. f4+ Kf6 37. Kd3 Be6 38. Rh1 Bf5+ 39. Kd2 Bb4+ 40. Kd1 Be4 41. Rf1 Bg2 42. Rf2 Bxh3 43. Bd3 Bg4+ 44. Kc1 Rc8+ 45. Kb1 Rc3 46. Rd2 Rc6 47. Rc2 Re6 48. Bc4 Re1+ 49. Ka2 Be6 50. Bxe6 fxe6 51. Rd7 Bc3 52. Kb3 b5 53. Ra2 Rb1+ 54. Kc2 Rg1 55. Raa7 Kf5 56. Rf7+ Ke4 57. Rae7 Rg2+ 58. Kc1 Kd3 59. Kb1 Rg1+ 60. Ka2 Kc2 0-1


[Site "https://www.chess.com"]

[Event "Titled Tuesday Blitz April 12 Early 2022"]
[White "Lorparizangeneh, Shahin"]
[Black "Matlakov, Maxim"]
[WhiteFideId "12521604"]
[BlackFideId "4168003"]
[WhiteElo "2525"]
[BlackElo "2669"]
[Result "0-1"]
[Round "08"]
[TimeControl "180+1"]
[Date "2022.04.12"]
[WhiteClock "0:00:18"]
[BlackClock "0:00:37"]

1. e4 c5 2. Nf3 d6 3. d4 cxd4 4. Qxd4 Nf6 5. Be2 Nc6 6. Qe3 g6 7. O-O Bg7 8. Rd1 O-O 9. h3 Be6 10. Nc3 Qa5 11. Bd2 Rfc8 12. Nb5 Qb6 13. Qxb6 axb6 14. Bd3 Nd7 15. Bc3 Nc5 16. Bxg7 Kxg7 17. a3 Bd7 18. Nc3 Be6 19. Ng5 Nd4 20. Ne2 Nxe2+ 21. Bxe2 Na4 22. Nxe6+ fxe6 23. b3 Nc3 24. Re1 Kf6 25. Bd3 e5 26. a4 Rc5 27. f3 e6 28. Kf2 d5 29. Ke3 d4+ 30. Kd2 Rac8 31. Bc4 h5 32. Kd3 h4 33. Ra3 R8c6 34. Rea1 Kg5 35. Rg1 Kf4 36. Raa1 g5 37. Raf1 Nxa4 0-1


[Site "https://www.chess.com"]

[Event "Titled Tuesday Blitz April 12 Early 2022"]
[White "Madaminov, Mukhiddin"]
[Black "Ferreira, Vitor Hugo Vieira"]
[WhiteFideId "14210703"]
[BlackFideId "2119765"]
[WhiteElo "1916"]
[BlackElo "2165"]
[Result "1-0"]
[Round "08"]
[TimeControl "180+1"]
[Date "2022.04.13"]
[WhiteClock "0:01:47"]
[BlackClock "0:00:12"]

1. d4 Nf6 2. Nc3 d5 3. Bf4 e6 4. Nb5 Na6 5. e3 c6 6. Nc3 Bd6 7. Bxa6 bxa6 8. Nf3 a5 9. O-O O-O 10. Re1 c5 11. Ne5 Ba6 12. Bg5 cxd4 13. exd4 Re8 14. Qf3 h6 15. Bh4 Rc8 16. Re3 Be7 17. Rae1 Rf8 18. Qd1 Nd7 19. Nxd7 Qxd7 20. Bxe7 Qxe7 21. Nxd5 Qb7 22. Nf6+ gxf6 23. Qh5 Qd5 24. Qxh6 Qg5 25. Rg3 Qxg3 26. hxg3 f5 27. d5 Rxc2 28. dxe6 fxe6 29. Qg6+ 1-0


[Site "https://www.chess.com"]

[Event "Titled Tuesday Blitz April 12 Early 2022"]
[White "Maksimenko, Viktor"]
[Black "Bas Mas, Jose Joaquin"]
[WhiteFideId "13710478"]
[BlackFideId "22219064"]
[WhiteElo "2269"]
[BlackElo "2212"]
[Result "1-0"]
[Round "08"]
[TimeControl "180+1"]
[Date "2022.04.13"]
[WhiteClock "0:00:21"]
[BlackClock "0:00:06"]

1. d4 f5 2. Bg5 d5 3. e3 Nf6 4. Bxf6 exf6 5. Nd2 Be6 6. g3 Nc6 7. Bg2 Qd7 8. Ne2 g5 9. h4 h5 10. a3 O-O-O 11. Rc1 Na5 12. b4 Nc4 13. Nxc4 dxc4 14. Nc3 f4 15. exf4 gxf4 16. O-O Bg4 17. Bf3 Bd6 18. Ne4 f5 19. Ng5 fxg3 20. Kg2 gxf2 21. Rxf2 Bf4 22. Bxg4 hxg4 23. Rxf4 Rxh4 24. Qe1 Rh6 25. Qe5 Qc6+ 26. Kg3 Kb8 27. Re1 a5 28. b5 Qg6 29. Ne6 Rh3+ 30. Kg2 Rc8 31. Rxf5 Qh6 32. b6 Qd2+ 33. Re2 Qc3 34. bxc7+ Ka7 35. Qxa5+ Qxa5 36. Rxa5+ Kb6 37. Rd5 Rxa3 38. Rd8 Rxc7 39. Nxc7 Kxc7 40. Rg8 b5 41. Rxg4 Rc3 42. Rg5 Kb6 43. Rd2 Ka5 44. d5 Kb4 45. d6 1-0


[Site "https://www.chess.com"]

[Event "Titled Tuesday Blitz April 12 Early 2022"]
[White "Mangialardo, Tiago Carvalho"]
[Black "Kostina, Nadezhda"]
[WhiteFideId "2130718"]
[BlackFideId "4195876"]
[WhiteElo "2053"]
[BlackElo "1982"]
[Result "0-1"]
[Round "08"]
[TimeControl "180+1"]
[Date "2022.04.13"]
[WhiteClock "0:00:02"]
[BlackClock "0:00:35"]

1. e4 c5 2. Nf3 Nc6 3. Bb5 d6 4. h3 Bd7 5. a4 a6 6. Bc4 g6 7. c3 Bg7 8. O-O Nf6 9. Qe2 O-O 10. d4 Qc7 11. Bg5 h6 12. Bh4 g5 13. Bg3 g4 14. Nh4 gxh3 15. e5 hxg2 16. Kxg2 Nh7 17. Ng6 Rfe8 18. e6 fxg6 19. exd7+ Kh8 20. dxe8=Q+ Rxe8 21. dxc5 Ne5 22. Bxe5 Bxe5 23. cxd6 exd6 24. Nd2 Ng5 25. Bd5 Qd7 26. Rh1 Bh2 27. Qd3 Qg4+ 28. Kxh2 Re5 29. Rae1 Nf3+ 30. Nxf3 Rh5+ 31. Nh4 Rxh4+ 32. Qh3 Rxh3# 0-1


[Site "https://www.chess.com"]

[Event "Titled Tuesday Blitz April 12 Early 2022"]
[White "Manolache, Marius"]
[Black "Xu, Yi"]
[WhiteFideId "1201530"]
[BlackFideId "8605564"]
[WhiteElo "2364"]
[BlackElo "2471"]
[Result "1-0"]
[Round "08"]
[TimeControl "180+1"]
[Date "2022.04.12"]
[WhiteClock "0:00:59"]
[BlackClock "0:00:42"]

1. d4 Nf6 2. c4 e6 3. Nf3 d5 4. Nc3 Bb4 5. Qa4+ Nc6 6. e3 O-O 7. Be2 Re8 8. O-O Bf8 9. a3 Ne7 10. Rd1 b6 11. b4 dxc4 12. Bxc4 Bb7 13. Be2 a6 14. Bb2 Ng6 15. Rac1 Bd6 16. h3 Qe7 17. Qb3 e5 18. d5 b5 19. Nd2 Rac8 20. Nde4 Nd7 21. Bg4 Rf8 22. Ng3 Qd8 23. Nce4 Rb8 24. Nxd6 cxd6 25. e4 Nf6 26. Bf5 Ne7 27. Qe3 Kh8 28. f4 Nd7 29. Bxd7 Qxd7 30. fxe5 dxe5 31. Bxe5 Rbc8 32. Bxg7+ Kxg7 33. Qg5+ Kh8 34. Nh5 Nf5 35. Qf6+ Kg8 36. exf5 1-0


[Site "https://www.chess.com"]

[Event "Titled Tuesday Blitz April 12 Early 2022"]
[White "Manukian, Artak"]
[Black "Sahil, Tickoo"]
[WhiteFideId "13301373"]
[BlackFideId "5019710"]
[WhiteElo "2342"]
[BlackElo "2099"]
[Result "1-0"]
[Round "08"]
[TimeControl "180+1"]
[Date "2022.04.13"]
[WhiteClock "0:00:14"]
[BlackClock "0:00:03"]

1. e4 c5 2. Nf3 d6 3. Bb5+ Bd7 4. Bxd7+ Nxd7 5. c4 Ngf6 6. Nc3 g6 7. d3 Bg7 8. O-O O-O 9. Bg5 a6 10. Qd2 Nb8 11. Bh6 Nc6 12. Bxg7 Kxg7 13. Nd5 e5 14. a3 Nxd5 15. cxd5 Nd4 16. Nxd4 cxd4 17. f4 f6 18. f5 Rc8 19. h4 Rf7 20. Rac1 Rfc7 21. fxg6 hxg6 22. h5 Rxc1 23. Rxc1 Rxc1+ 24. Qxc1 gxh5 25. Qd1 Qe8 26. Qb3 Qd7 27. Qb6 Kg6 28. Kf2 h4 29. Ke2 Qg4+ 30. Kf1 Qd1+ 31. Kf2 Qd2+ 32. Kg1 Qxd3 33. Qxd6 Qxe4 34. Qe6 Qe1+ 35. Kh2 Qg3+ 36. Kg1 d3 37. Qg8+ Kf5 38. Qh7+ Kf4 39. d6 Qe1+ 40. Kh2 Qg3+ 41. Kg1 Qe1+ 42. Kh2 d2 43. Qh6+ Ke4 44. Qg6+ Ke3 45. Qh6+ Ke2 46. Qh5+ Kf2 47. Qf3# 1-0


[Site "https://www.chess.com"]

[Event "Titled Tuesday Blitz April 12 Early 2022"]
[White "Marcziter, Dmitrii"]
[Black "Vokarev, Sergey"]
[WhiteFideId "13900765"]
[BlackFideId "4119711"]
[WhiteElo "2155"]
[BlackElo "2343"]
[Result "0-1"]
[Round "08"]
[TimeControl "180+1"]
[Date "2022.04.13"]
[WhiteClock "0:00:03"]
[BlackClock "0:00:54"]

1. d4 d5 2. c4 dxc4 3. e4 b5 4. a4 c6 5. Nf3 a6 6. b3 cxb3 7. axb5 cxb5 8. Bxb5+ axb5 9. Rxa8 Bb7 10. Ra3 e6 11. Rxb3 b4 12. O-O Bxe4 13. Bd2 Nc6 14. Qe2 Bxf3 15. Qxf3 Nxd4 16. Qd3 Nxb3 17. Qxb3 Nf6 18. Bxb4 Bxb4 19. Qxb4 Nd5 20. Qa3 f6 21. Re1 Kf7 22. Nd2 Qe7 23. Qh3 Nf4 24. Qg4 g5 25. g3 h5 26. Qf3 Ng6 27. Ne4 Kg7 28. Rb1 Ne5 29. Qe2 Nf7 30. h4 g4 31. f3 Ne5 32. fxg4 hxg4 33. Ng5 Qc5+ 34. Kf1 fxg5 35. Rb5 Qc1+ 36. Kf2 Rf8+ 37. Kg2 Qc6+ 0-1


[Site "https://www.chess.com"]

[Event "Titled Tuesday Blitz April 12 Early 2022"]
[White "Martinez Alcantara, Jose Eduardo"]
[Black "Moroni, Luca Jr"]
[WhiteFideId "3805662"]
[BlackFideId "865834"]
[WhiteElo "2690"]
[BlackElo "2573"]
[Result "1/2-1/2"]
[Round "08"]
[TimeControl "180+1"]
[Date "2022.04.12"]
[WhiteClock "0:00:06"]
[BlackClock "0:00:04"]

1. e4 e5 2. Nf3 Nc6 3. Bb5 a6 4. Ba4 Nge7 5. d3 d6 6. c3 Bd7 7. Nbd2 Ng6 8. Nf1 Be7 9. g3 O-O 10. h4 h6 11. Ne3 b5 12. Bb3 Na5 13. Bc2 Rb8 14. a3 c6 15. Nf5 Be6 16. b4 Nb7 17. Be3 Bf6 18. g4 Bxf5 19. gxf5 Nxh4 20. Nxh4 Bxh4 21. Qh5 Bg5 22. Ke2 Bxe3 23. fxe3 Qf6 24. Rag1 Kh7 25. Bb3 d5 26. exd5 c5 27. e4 Rbc8 28. Kd2 Nd6 29. Qh4 Qxh4 30. Rxh4 f6 31. bxc5 Rxc5 32. Rhg4 Rc7 33. c4 bxc4 34. Bxc4 Rb8 35. Bxa6 Rb2+ 36. Ke3 Ra2 37. Rb1 Rcc2 38. Rbg1 Re2+ 39. Kf3 Rf2+ 40. Kg3 Nf7 41. Bc4 Rad2 42. d6 Nxd6 43. Kh4 Rh2+ 44. Kg3 h5 45. Rh4 Rxh4 46. Kxh4 Nxc4 47. dxc4 Rd4 48. Re1 Rxc4 49. Kxh5 Ra4 50. Re3 Rc4 51. Kg4 Ra4 52. Kh5 Rc4 53. Kh4 g6 54. Kg4 Ra4 55. fxg6+ Kxg6 56. Kf3 f5 57. exf5+ Kxf5 58. Rb3 Rh4 59. Kg3 Rg4+ 60. Kf3 e4+ 61. Kf2 Rh4 62. Rb8 Rh2+ 63. Kg3 Ra2 64. Ra8 Ke5 65. a4 Kd4 66. a5 Kd3 67. a6 e3 68. a7 Ke2 69. Kg2 Ra3 70. Kg3 Ra2 71. Kg2 Ra1 72. Kh2 Ke1 73. Re8 Ra2+ 74. Kg3 Rxa7 75. Re4 Kd2 1/2-1/2


[Site "https://www.chess.com"]

[Event "Titled Tuesday Blitz April 12 Early 2022"]
[White "Mekhitarian, Krikor Sevag"]
[Black "Svane, Rasmus"]
[WhiteFideId "2107660"]
[BlackFideId "4657101"]
[WhiteElo "2598"]
[BlackElo "2645"]
[Result "1/2-1/2"]
[Round "08"]
[TimeControl "180+1"]
[Date "2022.04.12"]
[WhiteClock "0:00:02"]
[BlackClock "0:00:07"]

1. Nf3 d5 2. c4 e6 3. e3 Nf6 4. Nc3 dxc4 5. Bxc4 a6 6. O-O b5 7. Be2 Bb7 8. d4 Nbd7 9. b3 c5 10. Bb2 Bd6 11. Rc1 O-O 12. dxc5 Nxc5 13. b4 Nce4 14. Nxe4 Bxe4 15. a3 Be7 16. Qxd8 Rfxd8 17. Nd4 Rac8 18. f3 Bb7 19. e4 Nd7 20. Nb3 Nb6 21. Na5 Ba8 22. Rxc8 Rxc8 23. Rc1 Kf8 24. Kf2 f6 25. Rxc8+ Nxc8 26. Ke3 Bd8 27. Bd4 e5 28. Bc5+ Ke8 29. Bd1 Nb6 30. Bb3 Nd7 31. Ba7 Ke7 32. a4 Ke8 33. axb5 axb5 34. Bd1 Be7 35. Be2 Bxb4 36. Nb3 Bc6 37. Kd3 Kd8 38. Be3 Kc7 39. Bd2 Bxd2 40. Kxd2 Kb6 41. Kc3 Nc5 42. Nc1 Ne6 43. g3 Bd7 44. Bd1 Be8 45. Kb4 Nd4 46. f4 Nc6+ 47. Kc3 Kc5 48. Nd3+ Kd6 49. Bb3 Bh5 50. Bg8 h6 51. Bd5 Be2 52. Nc1 Ne7 53. Nxe2 Nxd5+ 54. exd5 Kxd5 55. fxe5 fxe5 56. Kd3 b4 57. Nc1 g5 58. g4 e4+ 59. Ke3 Ke5 60. Nb3 Kd5 61. h3 Kc4 62. Nd2+ Kc3 63. Nxe4+ Kc2 64. Nc5 Kc3 65. Ke4 Kc4 66. Nd3 b3 67. Ke3 Kc3 68. Ke2 Kc2 69. Nb4+ Kc3 70. Nd3 Kd4 71. Kd2 Ke4 72. Ke2 Kd4 73. Kd2 Ke4 74. Ke2 Kd4 1/2-1/2


[Site "https://www.chess.com"]

[Event "Titled Tuesday Blitz April 12 Early 2022"]
[White "Meshkovs, Nikita"]
[Black "Maevsky, Nikolay"]
[WhiteFideId "11602740"]
[BlackFideId "4198220"]
[WhiteElo "2506"]
[BlackElo "2126"]
[Result "1-0"]
[Round "08"]
[TimeControl "180+1"]
[Date "2022.04.12"]
[WhiteClock "0:01:09"]
[BlackClock "0:01:16"]

1. d4 d5 2. Nf3 Nf6 3. c4 c6 4. Nc3 dxc4 5. e4 b5 6. Be2 b4 7. Na4 Nxe4 8. Bxc4 e6 9. O-O Nd7 10. Re1 Nef6 11. Bf4 Be7 12. Rc1 Bb7 13. Qe2 Nd5 14. Bg3 Rc8 15. Ba6 Bxa6 16. Qxa6 c5 17. dxc5 Nxc5 18. Nxc5 Rxc5 19. Rxc5 Bxc5 20. Qb5+ Qd7 21. Qxc5 f6 22. Nd4 e5 23. Nc6 Nb6 24. Bxe5 Kf7 25. Bxf6 Kxf6 26. Qe5+ Kg6 27. Ne7+ Kf7 28. Qf4+ Ke8 29. Nc6+ Qe6 30. Rxe6+ Kd7 31. Qd6+ Kc8 32. Re7 Rd8 33. Nxa7# 1-0


[Site "https://www.chess.com"]

[Event "Titled Tuesday Blitz April 12 Early 2022"]
[White "Mickiewicz, Piotr"]
[Black "Adelman, Charles"]
[WhiteFideId "1114891"]
[BlackFideId "2003597"]
[WhiteElo "2266"]
[BlackElo "2345"]
[Result "0-1"]
[Round "08"]
[TimeControl "180+1"]
[Date "2022.04.13"]
[WhiteClock "0:00:30"]
[BlackClock "0:01:12"]

1. e4 e5 2. Nf3 d6 3. d4 Nf6 4. Nc3 Nbd7 5. Bc4 Be7 6. a4 a5 7. O-O O-O 8. Re1 c6 9. Ba2 Qe8 10. h3 Bd8 11. Be3 Bc7 12. Qd2 Qe7 13. Rad1 h6 14. Nh4 Rd8 15. Nf5 Qf8 16. Bxh6 gxh6 17. Nxh6+ Kh7 18. Nxf7 exd4 19. Qxd4 Ne5 20. Nxd8 Qxd8 21. f4 Bb6 22. fxe5 dxe5 23. Qxb6 Qxb6+ 24. Kh2 Qxb2 25. Rd3 Qxc2 26. Rg3 Bd7 27. Rf1 Rf8 28. Rd1 Bc8 29. Rd6 Nxe4 30. Bb1 Qxb1 31. Nxb1 Nxd6 32. Nd2 Bf5 33. Rg5 Kh6 34. h4 Re8 35. g4 Bg6 36. Nb3 Nf7 37. Rxg6+ Kxg6 38. Nxa5 e4 39. Kg1 Ne5 40. Kf1 Nf3 41. Nxb7 e3 42. Ke2 Nd4+ 43. Kd3 e2 44. h5+ Kg5 45. Nd6 e1=Q 0-1


[Site "https://www.chess.com"]

[Event "Titled Tuesday Blitz April 12 Early 2022"]
[White "Mika, Tomasz"]
[Black "Przybylski, Wojciech"]
[WhiteFideId "1132970"]
[BlackFideId "1117599"]
[WhiteElo "2116"]
[BlackElo "2133"]
[Result "1-0"]
[Round "08"]
[TimeControl "180+1"]
[Date "2022.04.13"]
[WhiteClock "0:00:05"]
[BlackClock "0:00:05"]

1. d4 Nf6 2. Bf4 e6 3. Nf3 Be7 4. e3 O-O 5. Bd3 b6 6. O-O Bb7 7. c3 c5 8. h3 d6 9. Nbd2 Nbd7 10. Bh2 Re8 11. Qe2 Bf8 12. a4 a6 13. Nc4 Qc7 14. e4 e5 15. d5 g6 16. Ne3 Bg7 17. Ng4 Rac8 18. Qe3 c4 19. Bc2 Nc5 20. Rfe1 Qd7 21. Nh6+ Kh8 22. Qg5 Ng8 23. Ng4 f6 24. Qd2 Rf8 25. Qe2 f5 26. Ne3 fxe4 27. Ng5 Nd3 28. Rf1 Nf4 29. Qg4 Qxg4 30. hxg4 Nxd5 31. Nxd5 Bxd5 32. Rad1 Nf6 33. Rfe1 Rcd8 34. Bxe4 Bg8 35. Bb7 Nxg4 36. Bg3 a5 37. Bd5 Bxd5 38. Rxd5 Nf6 39. Rb5 Rd7 40. Rxb6 Re8 41. Rxd6 Rxd6 42. Nf7+ Kg8 43. Nxd6 Rd8 44. Nxc4 e4 45. Be5 Rc8 46. Nxa5 Rc5 47. Bxf6 Bxf6 48. Nb3 Rc4 49. a5 Bd8 50. Ra1 Rc8 51. a6 Bb6 52. Kf1 Rf8 53. Nd4 e3 54. f3 g5 55. Ke2 Ra8 56. Kxe3 Kf7 57. Kd3 Ke7 58. b4 Kd7 59. c4 Ba7 60. c5 Rd8 61. Kc4 Kc7 62. b5 Kc8 63. b6 Kb8 64. bxa7+ Ka8 65. c6 g4 66. fxg4 h5 67. c7 Rc8 68. Nb5 hxg4 69. Kb4 Rf8 70. Rd1 g3 71. Rd8+ Rxd8 72. cxd8=Q# 1-0


[Site "https://www.chess.com"]

[Event "Titled Tuesday Blitz April 12 Early 2022"]
[White "Mikhailov, Viacheslav"]
[Black "Bluebaum, Matthias"]
[WhiteFideId "4187369"]
[BlackFideId "24651516"]
[WhiteElo "2381"]
[BlackElo "2550"]
[Result "1/2-1/2"]
[Round "08"]
[TimeControl "180+1"]
[Date "2022.04.12"]
[WhiteClock "0:00:12"]
[BlackClock "0:00:11"]

1. Nf3 d5 2. g3 b6 3. Bg2 Bb7 4. O-O e6 5. c4 dxc4 6. Na3 Bxa3 7. Qa4+ Nd7 8. Qxa3 Qe7 9. Qa4 Qc5 10. b3 b5 11. Qa5 Qb6 12. Qc3 Ngf6 13. bxc4 b4 14. Qc2 c5 15. d3 O-O 16. Bf4 Rfe8 17. Ne5 Bxg2 18. Kxg2 Nxe5 19. Bxe5 Nd7 20. Bb2 e5 21. e4 Nb8 22. f4 Nc6 23. fxe5 Nxe5 24. Rf5 f6 25. Bxe5 Rxe5 26. Rxe5 fxe5 27. Rf1 Qd6 28. Rf3 Rf8 29. Rxf8+ Kxf8 30. h4 Ke7 31. Qe2 g6 32. Qd2 Kf7 33. Qh6 Kg8 34. Qe3 Kg7 35. h5 h6 36. hxg6 Kxg6 37. Qf2 Kg7 38. Qf5 a5 39. Qg4+ Kf7 40. Qf5+ Ke7 41. Qh7+ Kd8 42. Qg8+ Kc7 43. Qa8 Kb6 44. Kf2 Qc7 45. Ke2 h5 46. Qe8 Ka7 47. Qb5 Qb6 48. Qd7+ Qb7 49. Qe8 Qc7 50. Qxh5 a4 51. Qe8 Qa5 52. Qd7+ Kb8 53. Qe8+ Kb7 54. Qe7+ Ka8 55. Qe8+ Kb7 56. Kd1 b3 57. axb3 a3 58. Qd7+ Kb8 59. Qe8+ Kb7 60. Qd7+ Kb8 61. Qe8+ Kb7 1/2-1/2


[Site "https://www.chess.com"]

[Event "Titled Tuesday Blitz April 12 Early 2022"]
[White "Mirzoev, Azer"]
[Black "Pesotskiy, Mikhail"]
[WhiteFideId "13400304"]
[BlackFideId "34164453"]
[WhiteElo "2525"]
[BlackElo "2010"]
[Result "1-0"]
[Round "08"]
[TimeControl "180+1"]
[Date "2022.04.13"]
[WhiteClock "0:00:56"]
[BlackClock "0:00:13"]

1. Nf3 Nf6 2. b3 b6 3. Bb2 Bb7 4. e3 e6 5. c4 Be7 6. d4 c5 7. Bd3 O-O 8. O-O d5 9. cxd5 exd5 10. Nbd2 Nbd7 11. Ne5 Nxe5 12. dxe5 Ne4 13. f4 f6 14. Nxe4 dxe4 15. Bc4+ Kh8 16. e6 f5 17. Qd7 Qxd7 18. exd7 Rad8 19. Rad1 Bc6 20. Be6 Bf6 21. Rd6 Bb5 22. Rf2 Bxb2 23. Rxb2 Rf6 24. a4 Bd3 25. a5 bxa5 26. Rc6 g6 27. Rc8 Rff8 28. Rxc5 Kg7 29. Ra2 Kf6 30. Re5 a6 31. Raxa5 Bb5 32. h3 h5 33. g4 hxg4 34. hxg4 Bxd7 35. Rxa6 Bxe6 36. Rexe6+ Kf7 37. Rf6+ Ke7 38. Rae6+ Kd7 39. Rxg6 fxg4 40. Kf2 Rb8 41. Rxe4 Rxb3 42. Rxg4 Rb2+ 43. Kf3 Rh8 44. Rg7+ Kd6 45. Rg6+ Kd7 46. Re5 Rh3+ 47. Rg3 Rhh2 48. Ke4 Rb4+ 49. Kf5 Rh5+ 50. Rg5 Rh3 51. e4 Rf3 52. Rg7+ Kd6 53. Re6+ Kc5 54. Rc7+ Kd4 55. Rd6+ Ke3 56. Rc3+ Ke2 57. Rxf3 Kxf3 58. Rd3+ Ke2 59. Rh3 1-0


[Site "https://www.chess.com"]